 Dungeon Crawl Stone Soup version 0.26-a0-690-gcb57259078 (webtiles) character file.

Game seed: 4633329401411811193

4717 lunkers the Basher (level 10, 0/68 HPs)
             Began as a Kobold Fighter on Oct 23, 2020.
             Was a Believer of Ru.
             Slain by Erica
             ... wielding a +2 scimitar of flaming
              (5 damage)
             ... on level 8 of the Dungeon on Oct 26, 2020.
             The game lasted 00:12:15 (9961 turns).

lunkers the Basher (Kobold Fighter)                 Turns: 9961, Time: 00:12:15

Health: 0/68       AC:  7    Str: 13    XL:     10   Next: 73%
Magic:  10/10      EV:  8    Int:  9    God:    Ru [**....]
Gold:   445        SH:  9    Dex: 19    Spells: 9/9 levels left

rFire    . . .     SeeInvis .   B - +5 morningstar (freeze)
rCold    . . .     Faith    .   c - +0 kite shield
rNeg     . . .     Spirit   .   b - +0 scale mail
rPois    +         Reflect  .   (no helmet)
rElec    .         Harm     .   (no cloak)
rCorr    .         Rampage  .   (no gloves)
MR       .....                  i - +0 pair of boots
Stlth    +.........             (no amulet)
HPRegen  0.21/turn              o - ring of poison resistance
MPRegen  0.12/turn              r - ring of wizardry

@: slowed, very slow
A: small, nightstalker 3, hated by all, no fire magic, no hexes magic, no
translocations magic
a: Renounce Religion


You were on level 8 of the Dungeon.
You worshipped Ru.
Ru was pleased with you.
You visited 1 branch of the dungeon, and saw 8 of its levels.
You also visited: Ossuary.

You collected 565 gold pieces.
You spent 120 gold pieces at shops.

Inventory:

Hand Weapons
 a - a +0 rapier
 p - a +2 dagger of draining
 B - a +5 morningstar of freezing (weapon)
Armour
 b - a +0 scale mail (worn)
 c - a +0 kite shield (worn)
 i - a +0 pair of boots (worn)
 A - the +0 leather armour of Classification {Str+3}
   (You found it on level 5 of the Dungeon)

   It affects your strength (+3).
Jewellery
 o - a ring of poison resistance (left hand)
 r - a ring of wizardry (right hand)
Wands
 l - a wand of polymorph (7)
 q - a wand of digging (5)
 G - a wand of iceblast (7)
Scrolls
 e - 4 scrolls of fog {unknown}
 g - 3 scrolls of remove curse {unknown}
 k - a scroll of immolation {unknown}
 m - 5 scrolls of blinking {unknown}
 s - a scroll of enchant weapon {unknown}
 t - 6 scrolls of random uselessness {unknown}
 w - a scroll of enchant armour {unknown}
 x - a scroll of identify
 y - 2 scrolls of magic mapping {unknown}
 z - 3 scrolls of teleportation {unknown}
 D - 2 scrolls of holy word {unknown}
Potions
 d - a potion of stabbing
 f - 2 potions of curing
 h - 3 potions of haste
 j - 4 potions of flight
 n - 4 potions of heal wounds
 u - 2 potions of brilliance
 v - a potion of magic {unknown}
 C - a potion of mutation
 E - a potion of lignification {unknown}
 F - a potion of experience


   Skills:
 + Level 10.0 Fighting
 - Level 10.0 Short Blades
 * Level 11.4 Maces & Flails
 - Level 2.4 Armour
 - Level 2.4 Shields


You had 9 spell levels left.
You didn't know any spells.
Your spell library contained the following spells:

 Spells                   Type           Power        Failure   Level
 Petrify                  Tmut/Erth      #.......     100%        4
 Confusing Touch          Hex            Unusable     N/A         3
 Gell's Gravitas          Tloc           Unusable     N/A         3
 Metabolic Englaciation   Hex/Ice        Unusable     N/A         5
 Yara's Violent Unravell  Hex/Tmut       Unusable     N/A         5

Dungeon Overview and Level Annotations

Branches:
Dungeon (8/15)             Temple (0/1) D:7         Ossuary (visited)
   Lair: D:8-11

Altars:
Cheibriados
Dithmenos
Kikubaaqudgha
Makhleb
Qazlal
Ru
Uskayaw

Shops:
D:6 *

Annotations:
D:8 Erica


Innate Abilities, Weirdness & Mutations

You are small and have problems with some larger weapons.
You are completely attuned to the shadows.
You are hated by all.
You cannot study or cast Fire magic.
You cannot study or cast Hexes magic.
You cannot study or cast Translocations magic.


Message History

You hear some strange, mumbled words.
Something tries to affect you, but you resist.
* * * LOW HITPOINT WARNING * * *
You feel sick.
You hear some strange, mumbled words.
A lance of force appears from out of thin air!
The lance of force misses you.
You can move again.
Unknown command.
Unknown command.
You feel better.
You hear a zap.
Something tries to affect you, but you resist.
Unknown command.
You closely miss something. Something hits you!
* * * LOW HITPOINT WARNING * * *
Something burns you.
* * * LOW HITPOINT WARNING * * *
Something hits you.
You die...

#..........#.#
#####.####.###.#.#
#..........# #.#.#
#.###.###..###'#.#
#.# #.# #........#
#.# #.# #.##.....#
#.##..# #.#.......
#######.#...#
#.........
.......@{....
.........
#######.#?..#
#...... ####.## .#


There were no monsters in sight!

Vanquished Creatures
  Psyche (D:8)
  Edmund (D:6)
  A water moccasin (D:7)
  A sky beast (D:5)
  4 orc warriors
  An ice beast (D:6)
  2 phantoms (D:4)
  3 centaurs (D:5)
  An ogre (D:5)
  3 bullfrogs
  A wyvern zombie (D:5)
  2 scorpions (D:4)
  A water moccasin skeleton (D:7)
  5 wights (D:6)
  A howler monkey (D:4)
  3 centaur zombies
  3 iron imps (D:7)
  2 orc priests (D:6)
  3 hounds
  2 worker ants
  2 orc wizards
  A big kobold zombie (Ossuary)
  A hound zombie (D:7)
  6 mummies (Ossuary)
  A worker ant zombie (D:5)
  6 gnolls
  A howler monkey skeleton (D:4)
  9 adders
  4 white imps
  An ufetubus (D:5)
  5 oozes
  An adder skeleton (D:7)
  3 adder zombies
  3 worms
  2 dart slugs
  5 leopard geckos
  19 orcs
  8 giant cockroaches
  14 goblins
  14 hobgoblins
  3 jackals (D:6)
  3 quokkas
  A ball python skeleton (D:4)
  7 bats
  2 frilled lizards
  5 hobgoblin zombies (Ossuary)
  8 kobolds
  A quokka skeleton (D:6)
  A quokka zombie (D:7)
  9 rats
187 creatures vanquished.

Vanquished Creatures (others)
  An orc wizard (D:4)
  A jackal skeleton (D:4)
  3 withered plants (D:2)
5 creatures vanquished.

Grand Total: 192 creatures vanquished

Notes
Turn   | Place    | Note
-------+----------+-------------------------------------------
     0 | D:1      | lunkers the Kobold Fighter began the quest for the Orb.
     0 | D:1      | Reached XP level 1. HP: 14/14 MP: 1/1
    19 | D:1      | Reached XP level 2. HP: 19/19 MP: 2/2
   288 | D:1      | Reached XP level 3. HP: 24/24 MP: 3/3
   834 | D:2      | Reached XP level 4. HP: 22/29 MP: 4/4
  1310 | D:2      | Reached skill level 5 in Short Blades
  1439 | D:2      | Found an ancient bone altar of Kikubaaqudgha.
  1896 | D:2      | Found a sacrificial altar of Ru.
  2014 | D:2      | Became a worshipper of Ru the Awakened
  2247 | D:2      | Reached XP level 5. HP: 23/33 MP: 5/5
  2495 | D:2      | Found a stormy altar of Qazlal.
  2653 | D:3      | Noticed a bullfrog
  2679 | D:2      | Killed a bullfrog
  3023 | D:3      | Reached XP level 6. HP: 34/39 MP: 6/6
  3483 | D:3      | Found a shadowy altar of Dithmenos.
  3612 | D:4      | Reached skill level 5 in Fighting
  3667 | D:4      | Gained mutation: You are hated by all. [Ru sacrifice]
  3667 | D:4      | Reached * piety under Ru
  3691 | D:4      | Found a snail-covered altar of Cheibriados.
  3786 | D:4      | Noticed a phantom
  3812 | D:4      | Killed a phantom
  3812 | D:4      | Reached XP level 7. HP: 40/44 MP: 7/7
  3909 | D:4      | HP: 2/45 [gnoll/+0 spear (5)]
  4265 | D:4      | Found a hide-covered altar of Uskayaw.
  4702 | D:5      | Entered Level 5 of the Dungeon
  4979 | D:5      | Reached XP level 8. HP: 51/51 MP: 8/8
  5237 | D:5      | Reached skill level 10 in Short Blades
  6261 | D:5      | Got a spiked leather armour
  6272 | D:5      | Identified the +0 leather armour of Classification {Str+3}
                  | (You found it on level 5 of the Dungeon)
  6397 | D:6      | Reached XP level 9. HP: 48/60 MP: 9/9
  6970 | D:6      | Found a sand-covered staircase.
  7026 | Ossuary  | Entered an ossuary
  7310 | Ossuary  | Reached skill level 1 in Maces & Flails
  7697 | D:6      | Reached skill level 10 in Maces & Flails
  7697 | D:6      | Reached XP level 10. HP: 66/66 MP: 10/10
  7846 | D:6      | Reached skill level 11 in Maces & Flails
  8050 | D:6      | Noticed Edmund
  8058 | D:6      | Killed Edmund
  8365 | D:6      | Found Jeucawyps's Assorted Antiques.
  8371 | D:6      | Bought a glowing pink potion for 28 gold pieces
  8371 | D:6      | Bought a sedimented cyan potion for 28 gold pieces
  8371 | D:6      | Bought a scroll labeled IRIDARROUNK for 32 gold pieces
  8371 | D:6      | Bought a scroll labeled HAPTA TAED for 32 gold pieces
  9445 | D:7      | Found a burning altar of Makhleb.
  9506 | D:7      | Found a staircase to the Ecumenical Temple.
  9612 | D:8      | Gained mutation: You cannot study or cast Fire magic. [Ru
                  | sacrifice]
  9612 | D:8      | Gained mutation: You cannot study or cast Hexes magic. [Ru
                  | sacrifice]
  9612 | D:8      | Gained mutation: You cannot study or cast Translocations
                  | magic. [Ru sacrifice]
  9612 | D:8      | Reached ** piety under Ru
  9719 | D:8      | Noticed Psyche
  9733 | D:8      | Killed Psyche
  9733 | D:8      | Reached skill level 10 in Fighting
  9944 | D:8      | Noticed Erica
  9957 | D:8      | Paralysed by Erica for 3 turns
  9961 | D:8      | Slain by Erica

Illustrated notes

Levels and vault maps discovered:
D:1:      lemuel_arrival_behind_the_door_large, layout_rooms
D:2:      layout_loops_ring, kiku_gazebo_garden_becter,
          nicolae_ru_the_path_less_chosen, nicolae_qazlal_eye_of_the_storm,
          wander_ebering_terrifying_dragon_lair
D:3:      layout_rooms, nicolae_dithmenos_through_a_glass_darkly
D:4:      layout_basic, kennysheep_slug_shrine, overflow_temple_1_default
D:5:      layout_basic
D:6:      layout_cave_pods, serial_shops, shop_statue, enter_ossuary_5,
          uniq_edmund
D:7:      layout_basic, demons_altar, minmay_temple_entry_junction_2
D:8:      layout_loops_corners, nicolae_overflow_hidden_temple, uniq_psyche,
          uniq_joseph, uniq_erica

Skill      XL: |  1  2  3  4  5  6  7  8  9 10 |
---------------+-------------------------------+-----
Short Blades   | 3 4 5 6 7 9 10 | 10.0
Fighting       | 4 5 6 8 9 10 | 10.0
Maces & Flails | 10 11 | 11.4
Armour         | |  2.4
Shields        | |  2.4

Action                   |  1- 3 |  4- 6 |  7- 9 | 10-12 || total
-------------------------+-------+-------+-------+-------++-------
Melee: Rapier            |    95 |   156 |       |       ||   251
       Dagger            |       |    75 |   329 |       ||   404
       Morningstar       |       |       |    47 |   132 ||   179
Invok: Sacrifice Love    |       |     1 |       |       ||     1
       Sacrifice Arcana  |       |       |       |     1 ||     1
Evoke: Wand              |       |       |     1 |       ||     1
  Use: Scroll            |       |     3 |     6 |       ||     9
       Potion            |       |       |     4 |     1 ||     5
 Stab: Sleeping          |       |     2 |     2 |     1 ||     5
       Distracted        |       |       |     1 |     2 ||     3
       Invisible         |       |       |       |     2 ||     2
Armor: Scale mail        |    39 |    59 |    82 |    40 ||   220
Dodge: Dodged            |    43 |    53 |    94 |    23 ||   213
Block: Kite shield       |    50 |    72 |   116 |    37 ||   275

Table legend: (Time is in decaauts)
 A = Elapsed time spent in this place.
 B = Non-inter-level travel time spent in this place.
 C = Inter-level travel time spent in this place.
 D = Time resting spent in this place.
 E = Time spent auto-exploring this place.
 F = Levels seen in this place.
 G = Mean time per level.
                   A        B        C        D        E       F      G
               +--------+--------+--------+--------+--------+-----+--------+
         Total |   9875 |   9703 |    172 |    271 |   8048 |   9 | 1097.2 |
       Dungeon |   9182 |   9010 |    172 |    271 |   7453 |   8 | 1147.8 |
       Ossuary |    693 |    693 |      0 |      0 |    595 |   1 |  693.0 |
               +--------+--------+--------+--------+--------+-----+--------+

Top non-repeatable levels by time:
     D:2: 2100 daAuts
     D:5: 1574 daAuts
     D:6: 1476 daAuts
     D:7: 1107 daAuts
     D:4: 903 daAuts
     D:1: 833 daAuts
     D:3: 828 daAuts
 Ossuary: 693 daAuts
     D:8: 357 daAuts
